 Dungeon Crawl Stone Soup version 0.17-a0-2127-g1cb09f6 (webtiles) character file.

1218 wvc the Basher (level 8, -26/61 HPs)
             Began as a White Draconian Wanderer on Oct 23, 2015.
             Killed from afar by an orc wizard (32 damage)
             ... with an exploding inner flame
             ... hexed by the player character
             ... on level 7 of the Dungeon.
             The game lasted 00:14:24 (5638 turns).

wvc the Basher (White Draconian Wanderer)           Turns: 5638, Time: 00:14:24

Health: -26/61     AC: 10    Str: 15    XL:     8   Next: 22%
Magic:  12/12      EV: 12    Int: 17    God:
Gold:   247        SH:  4    Dex: 11    Spells: 3 memorised, 8 levels left

rFire  . . .     SeeInvis .     j - +0 flail
rCold  + . .     Clarity  .     (armour unavailable)
rNeg   + . .     SustAt   .     u - +0 buckler
rPois  .         Gourm    .     (helmet restricted)
rElec  .         Spirit   .     n - +0 cloak
rCorr  .         Warding  .     e - +2 pair of gloves
rMut   .         Stasis   .     (no boots)
MR     .....                    r - amulet of regeneration
Stlth  +.........               d - +3 ring of intelligence
                                o - ring of positive energy

@: very slightly contaminated, not resistant to hostile enchantments, very
unstealthy
A: breathe frost, unfitting armour, cold resistance 1, cold-blooded, AC +6
a: Breathe Frost


You were on level 7 of the Dungeon.
You were not hungry.

You visited 1 branch of the dungeon, and saw 7 of its levels.

You collected 247 gold pieces.

Inventory:

Hand Weapons
 j - a +0 flail (weapon)
Missiles
 k - a throwing net (quivered)
 p - 24 poisoned needles
Armour
 e - a +2 pair of gloves (worn)
 n - a +0 cloak (worn)
 u - a +0 buckler (worn)
Jewellery
 d - a +3 ring of intelligence (right hand)
 o - a ring of positive energy (left hand)
 r - an amulet of regeneration (around neck)
 x - an uncursed amulet of clarity
 B - an uncursed amulet of guardian spirit
Wands
 b - a wand of flame (13)
 c - a wand of random effects (28)
 A - a wand of flame (21)
 F - a wand of fireball (10)
Scrolls
 v - a scroll of recharging
 y - a scroll of immolation
 D - 2 scrolls of remove curse
Potions
 f - a potion of agility
 g - a potion of lignification
 l - a potion of flight {unknown}
 q - 3 potions of might
 C - a potion of curing {unknown}
Books
 a - a book of Minor Magic

   Spells                             Type                      Level
   a - Magic Dart                     Conjuration                  1
   b - Blink                          Translocation                2
   c - Call Imp                       Summoning                    2
   d - Repel Missiles                 Charms/Air                   2
   e - Slow                           Hexes                        2
   f - Conjure Flame                  Conjuration/Fire             3
   g - Mephitic Cloud                 Conjuration/Poison/Air       3
 m - a book of Spatial Translocations

   Spells                             Type                      Level
   a - Apportation                    Translocation                1
   b - Blink                          Translocation                2
   c - Shroud of Golubria             Charms/Translocation         2
   d - Portal Projectile              Translocation                3
   e - Teleport Other                 Translocation                3
   f - Passage of Golubria            Translocation                4
 s - an Akashic Record

   Spells                             Type                      Level
   a - Dispersal                      Translocation                6
   b - Malign Gateway                 Summoning/Translocation      7
   c - Disjunction                    Translocation                8
   d - Controlled Blink               Translocation                8
Comestibles
 h - 3 bread rations
 z - 2 meat rations
 E - a chunk of flesh


   Skills:
 - Level 2.1 Fighting
   Level 1.0 Short Blades
 * Level 9.3 Maces & Flails
 - Level 2.0 Dodging
 + Level 2.0 Shields
 - Level 3.0 Spellcasting
 + Level 2.0 Air Magic
 - Level 1.0 Evocations


You had 8 spell levels left.
You knew the following spells:

 Your Spells              Type           Power        Failure   Level  Hunger
a - Apportation           Tloc           #.........   24%         1    None
b - Repel Missiles        Chrm/Air       #.....       24%         2    ##.....
c - Blink                 Tloc           N/A          38%         2    ##.....


Dungeon Overview and Level Annotations

Branches:
Dungeon (7/15)
 Temple: D:4-7

Altars:
Elyvilon
Fedhas
Kikubaaqudgha
Okawaru
Ru
Sif Muna
Xom
Zin

Annotations:
D:7 Menkaure


Innate Abilities, Weirdness & Mutations

You can breathe waves of freezing cold.
You can buffet flying creatures when you breathe cold.
Your icy white scales are hard (AC +6).
Your body does not fit into most forms of armour.
Your flesh is cold resistant.
You are cold-blooded and may be slowed by cold attacks.


Message History

The creatures around you are filled with an inner flame!
The orc warrior hits you with a flail.
* * * LOW HITPOINT WARNING * * *
You closely miss the orc warrior.
The orc warrior is severely wounded.
Something hits you but does no damage. The orc warrior hits you with a flail.
* * * LOW HITPOINT WARNING * * *
Use which ability?
Press: ? - help, Shift-Dir - straight line, f - Menkaure
Aim: Menkaure (almost destroyed, fast, inner flame)
You exhale a wave of freezing cold.
The freezing breath hits the orc warrior.
The orc warrior explodes!
The fiery explosion engulfs the adder zombie.
The adder zombie explodes!
The fiery explosion engulfs the orc.
The orc explodes!
The fiery explosion engulfs something.
The fiery explosion engulfs you!
Ouch! That really hurt!
You die...

#..........
#..........
#.........(
#..o.......
#........o.
#####.#........
#######§§§†....§.####
#.....§§§M.#######
#......@####
#.......# #.......#
#########


You could see Menkaure (inner flame) and an orc wizard.

Vanquished Creatures
  The ghost of Armakuni the Chucker, an amateur MfWz (D:4)
  A centaur (D:5)
  A phantom (D:5)
  An ogre (D:5)
  A wyvern zombie (D:6)
  2 giant frogs
  A water moccasin zombie (D:5)
  A scorpion (D:4)
  A hound (D:3)
  A crimson imp (D:5)
  An iguana (D:5)
  6 worker ants
  17 gnolls
  8 adders
  2 oozes (D:5)
  A worm (D:2)
  6 giant geckos
  13 orcs
  2 giant cockroaches
  10 hobgoblins
  8 jackals
  5 kobolds
  4 quokkas
  3 ball pythons
  12 bats
  6 giant newts
  6 goblins
  4 rats
125 creatures vanquished.

Vanquished Creatures (others)
  A gnoll (D:3)
1 creature vanquished.

Grand Total: 126 creatures vanquished

Notes
Turn   | Place    | Note
--------------------------------------------------------------
     0 | D:1      | wvc the Draconian Wanderer began the quest for the Orb.
     0 | D:1      | wvc set off with: a book of Minor Magic, a +0 short sword, a wand of random effects (15), a bread ration
     0 | D:1      | Reached XP level 1. HP: 17/17 MP: 4/4
   144 | D:1      | Reached skill level 1 in Maces & Flails
   144 | D:1      | Reached skill level 1 in Dodging
   150 | D:1      | Reached XP level 2. HP: 21/24 MP: 6/6
   763 | D:2      | Reached XP level 3. HP: 29/29 MP: 7/7
  1610 | D:3      | Reached XP level 4. HP: 28/36 MP: 8/8
  1765 | D:3      | Learned a level 1 spell: Apportation
  1768 | D:3      | Learned a level 2 spell: Repel Missiles
  1771 | D:3      | Learned a level 2 spell: Blink
  1790 | D:3      | Found a shimmering altar of Xom.
  1830 | D:3      | HP: 1/36 [poisoned by a gnoll]
  2544 | D:3      | Reached skill level 4 in Maces & Flails
  2544 | D:3      | Reached XP level 5. HP: 41/41 MP: 9/9
  3024 | D:4      | Noticed Armakuni's ghost (amateur MfWz)
  3040 | D:4      | Killed Armakuni's ghost
  3040 | D:4      | Reached skill level 5 in Maces & Flails
  3040 | D:4      | Reached XP level 6. HP: 40/48 MP: 10/10
  3194 | D:4      | Reached skill level 6 in Maces & Flails
  3806 | D:4      | Your scales start taking on an icy white colour.
  3806 | D:4      | Gained mutation: Your flesh is cold resistant. [White Draconian growth]
  3806 | D:4      | Reached XP level 7. HP: 46/55 MP: 11/11
  3889 | D:4      | Found an iron altar of Okawaru.
  4064 | D:5      | Entered Level 5 of the Dungeon
  4085 | D:4      | Reached skill level 7 in Maces & Flails
  4402 | D:5      | Reached skill level 8 in Maces & Flails
  4656 | D:5      | Reached XP level 8. HP: 61/61 MP: 12/12
  4985 | D:6      | Found a deep blue altar of Sif Muna.
  5046 | D:6      | Found a sacrificial altar of Ru.
  5112 | D:6      | Reached skill level 9 in Maces & Flails
  5419 | D:6      | Found a blossoming altar of Fedhas.
  5423 | D:6      | Found a white marble altar of Elyvilon.
  5507 | D:6      | Found a glowing silver altar of Zin.
  5507 | D:6      | Found an ancient bone altar of Kikubaaqudgha.
  5583 | D:7      | Noticed Menkaure
  5625 | D:7      | HP: 1/61 [something (4)]
  5638 | D:7      | Killed from afar by an orc wizard

Vault maps used:
D:1:      ncdulo_smallfort, st_stairs_3
D:3:      tgw_xom, first_bread
D:4:      kennysheep_mini_moat
D:6:      old_standard_altar, gammafunk_temple_overflow_pools,
          hangedman_ru_absence, grunt_temple_overflow_open, st_stairs_12
D:7:      nicolae_tso_swordbearing_angel, grunt_gozag_statues,
          minmay_temple_entry_fiery, uniq_menkaure

Action                   |  1- 3 |  4- 6 |  7- 9 || total
-------------------------+-------+-------+-------++-------
Melee: Short sword       |   106 |       |       ||   106
       Club              |    64 |     6 |       ||    70
       Whip              |       |   197 |       ||   197
       Flail             |       |     4 |   214 ||   218
Throw: Throwing net      |       |       |     4 ||     4
 Abil: Breathe Frost     |       |       |     3 ||     3
Evoke: Wand              |       |    26 |       ||    26
  Use: Scroll            |       |    13 |     7 ||    20
       Potion            |       |       |     3 ||     3
 Stab: Paralysed         |       |     8 |       ||     8
       Distracted        |       |     1 |       ||     1
       Sleeping          |       |     1 |       ||     1
       Held in net/web   |       |       |     3 ||     3
  Eat: Chunk             |     2 |     1 |     6 ||     9
       Bread ration      |       |     1 |       ||     1
       Pizza             |       |     1 |       ||     1
       Fruit             |       |     2 |       ||     2
       Royal jelly       |       |       |     1 ||     1
